3A
BELLEVILLE BULLS @ HIGHWOOD HAWKS
08/08/2034
 
TOP OF THE 1ST
Belleville Bulls batting - Pitching for Highwood Hawks : LHP Bruno Mumford
Pitching: LHP Bruno Mumford
Batting: SHB Júlio Moreno 0-0: Ball
1-0: Ground out 6-3 (Groundball, 6)
Batting: RHB Glenn Curtis 0-0: Foul Ball, location: 2F
0-1: Ball
1-1: Foul Ball, location: 2F
1-2: Fly out, F8 (Flyball, 8RD)
Batting: RHB Holden Ford 0-0: Ball
1-0: Called Strike
1-1: Foul Ball, location: 2F
1-2: Ball
2-2: SINGLE (Line Drive, 89S)
Batting: RHB Rey McSriff 0-0: Called Strike
0-1: Swinging Strike
0-2: Ball
1-2: Ground out 1-3 (Groundball, 15S)
Top of the 1st over - 0 runs, 1 hit, 0 errors, 1 left on base; Belleville 0 - Highwood 0
BOTTOM OF THE 1ST
Highwood Hawks batting - Pitching for Belleville Bulls : RHP Juan Ramírez
Pitching: RHP Juan Ramírez
Batting: RHB Jamal Grant 0-0: Ground out 4-3 (Groundball, 4M)
Batting: LHB Yi-da Yee 0-0: Ball
1-0: Swinging Strike
1-1: Ball
2-1: Ball
3-1: Foul Ball, location: 2F
3-2: Foul Ball, location: 2F
3-2: Foul Ball, location: 2F
3-2: Base on Balls
Batting: SHB Arvo Helminen 0-0: Ball
1-0: Ball
2-0: Called Strike
2-1: Fly out, F5 (Line Drive, 56S)
Batting: RHB Ron Lawrence 0-0: Called Strike
0-1: Foul Ball, location: 2F
0-2: Foul Ball, location: 2F
0-2: Ball
1-2: Fly out, F8 (Flyball, 8RM)
Bottom of the 1st over - 0 runs, 0 hits, 0 errors, 1 left on base; Belleville 0 - Highwood 0
TOP OF THE 2ND
Belleville Bulls batting - Pitching for Highwood Hawks : LHP Bruno Mumford
Batting: RHB Gary Goodwin 0-0: Swinging Strike
0-1: Ball
1-1: Called Strike
1-2: Strikes out swinging
Batting: RHB Cary Collins 0-0: Ball
1-0: Ball
2-0: Called Strike
2-1: Foul Ball, location: 2F
2-2: Foul Ball, location: 2F
2-2: Strikes out looking
Batting: RHB Kazunari Mizuno 0-0: Swinging Strike
0-1: Ball
1-1: Ball
2-1: TRIPLE (Flyball, 9LD)
Batting: LHB Juan Rodríguez 0-0: Ball
1-0: Fly out, F7 (Flyball, 78M)
Top of the 2nd over - 0 runs, 1 hit, 0 errors, 1 left on base; Belleville 0 - Highwood 0
BOTTOM OF THE 2ND
Highwood Hawks batting - Pitching for Belleville Bulls : RHP Juan Ramírez
Batting: RHB Jon Deal 0-0: Ball
1-0: Ball
2-0: Ball
3-0: Called Strike
3-1: Swinging Strike
3-2: Foul Ball, location: 2F
3-2: SINGLE (Flyball, 8LS)
Batting: RHB Jimmy Scott 0-0: Called Strike
0-1: Fly out, F8 (Flyball, 8LM)
Batting: LHB Scott Miles 0-0: Grounds into double play, 5-4-3 (Groundball, 56)
Bottom of the 2nd over - 0 runs, 1 hit, 0 errors, 0 left on base; Belleville 0 - Highwood 0
TOP OF THE 3RD
Belleville Bulls batting - Pitching for Highwood Hawks : LHP Bruno Mumford
Batting: RHB Aron Cruickshank 0-0: Ball
1-0: Called Strike
1-1: Foul Ball, location: 2F
1-2: Ball
2-2: Ball
3-2: Foul Ball, location: 2F
3-2: Foul Ball, location: 2F
3-2: Base on Balls
Batting: SHB Júlio Moreno 0-0: Ball
1-0: Ball
2-0: Called Strike
2-1: Swinging Strike
2-2: Ball
3-2: Base on Balls
Aron Cruickshank to second
Batting: RHB Glenn Curtis 0-0: Called Strike
0-1: Swinging Strike
0-2: Foul Ball, location: 2F
0-2: Ball
1-2: Ball
2-2: Fly out, F8 (Flyball, 78D)
Batting: RHB Holden Ford 0-0: Ball
1-0: Called Strike
1-1: 3-RUN HOME RUN (Flyball, 7D), Distance : 380 ft
Batting: RHB Rey McSriff 0-0: Called Strike
0-1: Foul Ball, location: 2F
0-2: Ball
1-2: Ball
2-2: Ground out 5-3 (Groundball, 56)
Batting: RHB Gary Goodwin 0-0: Ground out 4-3 (Groundball, 4S)
Top of the 3rd over - 3 runs, 1 hit, 0 errors, 0 left on base; Belleville 3 - Highwood 0
BOTTOM OF THE 3RD
Highwood Hawks batting - Pitching for Belleville Bulls : RHP Juan Ramírez
Batting: LHB Cal MacKim 0-0: Ball
1-0: Ball
2-0: Called Strike
2-1: Ball
3-1: Called Strike
3-2: DOUBLE (Line Drive, 78D)
Batting: RHB Jurg Dansen 0-0: Called Strike
0-1: Swinging Strike
0-2: Ball
1-2: SINGLE (Groundball, 6MD)
Cal MacKim to third
Runner from 3rd tries for Home, SAFE, no throw
Batting: RHB Jamal Grant 0-0: Ball
1-0: Ball
2-0: Ball
3-0: Called Strike
3-1: Called Strike
3-2: Strikes out swinging
Batting: LHB Yi-da Yee 0-0: Swinging Strike
Jurg Dansen is caught stealing 2nd base
0-1: Ball
1-1: Ball
2-1: Fly out, F6 (Line Drive, 56)
Bottom of the 3rd over - 1 run, 2 hits, 0 errors, 0 left on base; Belleville 3 - Highwood 1
TOP OF THE 4TH
Belleville Bulls batting - Pitching for Highwood Hawks : LHP Bruno Mumford
Batting: RHB Cary Collins 0-0: Called Strike
0-1: Swinging Strike
0-2: Ball
1-2: Ball
2-2: Foul Ball, location: 2F
2-2: Strikes out swinging
Batting: RHB Kazunari Mizuno 0-0: Ball
1-0: Ball
2-0: Ball
3-0: Base on Balls
Batting: LHB Juan Rodríguez 0-0: Ball
Kazunari Mizuno steals 2nd base
1-0: Ball
2-0: Called Strike
2-1: Foul Ball, location: 2F
2-2: DOUBLE (Line Drive, 89D)
Kazunari Mizuno scores
Batting: RHB Aron Cruickshank 0-0: Ball
1-0: Foul Ball, location: 2F
1-1: Ball
2-1: Fly out, F8 (Flyball, 8LM)
Batting: SHB Júlio Moreno 0-0: 2-RUN HOME RUN (Flyball, 7LD), Distance : 352 ft
Batting: RHB Glenn Curtis 0-0: Swinging Strike
0-1: Foul Ball, location: 2F
0-2: Strikes out looking
Top of the 4th over - 3 runs, 2 hits, 0 errors, 0 left on base; Belleville 6 - Highwood 1
BOTTOM OF THE 4TH
Highwood Hawks batting - Pitching for Belleville Bulls : RHP Juan Ramírez
Batting: SHB Arvo Helminen 0-0: Foul Ball, location: 2F
0-1: Ground out 4-3 (Groundball, 4)
Pitching: RHP Lawrence Parsons
Batting: RHB Ron Lawrence 0-0: Ball
1-0: Ball
2-0: Called Strike
2-1: Ball
3-1: Base on Balls
Batting: RHB Jon Deal 0-0: Foul Ball, location: 2F
0-1: Ball
Ron Lawrence steals 2nd base
1-1: Ball
2-1: SINGLE (Line Drive, 4D)
Ron Lawrence to third
Batting: RHB Jimmy Scott 0-0: Called Strike
0-1: Ball
1-1: SINGLE (Line Drive, 34D)
Ron Lawrence scores
Jon Deal to second
Batting: LHB Scott Miles 0-0: Ball
1-0: Ball
2-0: Called Strike
2-1: Foul Ball, location: 2F
2-2: Ball
3-2: Base on Balls
Jon Deal to third
Jimmy Scott to second
Batting: LHB Cal MacKim 0-0: Ball
1-0: Foul Ball, location: 2F
1-1: Ball
2-1: Swinging Strike
2-2: Foul Ball, location: 2F
2-2: Ball
3-2: Foul Ball, location: 2F
3-2: Grounds into fielders choice 1-2 (Groundball, 13S)
Jimmy Scott to third
Scott Miles to second
Pitching: LHP Adrián Medrano
Batting: RHB Jurg Dansen 0-0: Swinging Strike
0-1: Foul Ball, location: 2F
0-2: Ball
1-2: Ball
2-2: Foul Ball, location: 2F
2-2: DOUBLE (Line Drive, 89M)
Jimmy Scott scores
Scott Miles scores
Cal MacKim to third
Runner from 3rd tries for Home, SAFE, throw made at trailing runner, OUT at third!
Bottom of the 4th over - 4 runs, 3 hits, 0 errors, 0 left on base; Belleville 6 - Highwood 5
TOP OF THE 5TH
Belleville Bulls batting - Pitching for Highwood Hawks : LHP Bruno Mumford
Batting: RHB Holden Ford 0-0: Called Strike
0-1: Swinging Strike
0-2: Ball
1-2: Ball
2-2: Strikes out swinging
Batting: RHB Rey McSriff 0-0: Ball
1-0: Foul Ball, location: 2F
1-1: SINGLE (Line Drive, 5D)
Batting: RHB Gary Goodwin 0-0: Ground out 4-3 (Groundball, 34)
Rey McSriff to second
Batting: RHB Cary Collins 0-0: Ball
1-0: Called Strike
1-1: Ball
2-1: Foul Ball, location: 2F
2-2: DOUBLE (Line Drive, 7LM)
Rey McSriff scores
Batting: RHB Kazunari Mizuno 0-0: Called Strike
0-1: SINGLE (Line Drive, 4D)
Cary Collins to third
Runner from 3rd tries for Home, SAFE, no throw
Pitching: RHP Nikita van de Haar
Batting: LHB Juan Rodríguez 0-0: Ground out 4-3 (Groundball, 4)
Top of the 5th over - 2 runs, 3 hits, 0 errors, 1 left on base; Belleville 8 - Highwood 5
BOTTOM OF THE 5TH
Highwood Hawks batting - Pitching for Belleville Bulls : LHP Adrián Medrano
Batting: RHB Jamal Grant 0-0: Ball
1-0: SINGLE (Groundball, 34D)
Batting: LHB Yi-da Yee 0-0: Foul Ball, location: 2F
0-1: Ball
1-1: Ball
2-1: Bunted foul
2-2: Foul Ball, location: 2F
2-2: SINGLE (Groundball, 6D)
Jamal Grant to second
Batting: SHB Arvo Helminen 0-0: Called Strike
0-1: Foul Ball, location: 2F
0-2: Ball
1-2: Fielders Choice at 2nd, 6-4 (Groundball, 6)
Jamal Grant to third
Pitching: RHP Cale Ryan
Batting: RHB Ron Lawrence 0-0: Called Strike
0-1: Ball
1-1: Ball
2-1: Called Strike
2-2: Strikes out swinging
Batting: RHB Jon Deal 0-0: Called Strike
0-1: Fly out, F9 (Flyball, 9LS)
Bottom of the 5th over - 0 runs, 2 hits, 0 errors, 2 left on base; Belleville 8 - Highwood 5
TOP OF THE 6TH
Belleville Bulls batting - Pitching for Highwood Hawks : RHP Nikita van de Haar
Batting: RHB Aron Cruickshank 0-0: Swinging Strike
0-1: Ball
1-1: Ball
2-1: Foul Ball, location: 2F
2-2: Strikes out swinging
Batting: SHB Júlio Moreno 0-0: Ground out 6-3 (Groundball, 6)
Batting: RHB Glenn Curtis 0-0: Ball
1-0: Foul Ball, location: 2F
1-1: Called Strike
1-2: Fly out, F8 (Flyball, 8RM)
Top of the 6th over - 0 runs, 0 hits, 0 errors, 0 left on base; Belleville 8 - Highwood 5
BOTTOM OF THE 6TH
Highwood Hawks batting - Pitching for Belleville Bulls : RHP Cale Ryan
Batting: RHB Jimmy Scott 0-0: Foul Ball, location: 2F
0-1: Ball
1-1: Called Strike
1-2: Ball
2-2: Ball
3-2: Foul Ball, location: 2F
3-2: Strikes out looking
Batting: LHB Scott Miles 0-0: Foul Ball, location: 2F
0-1: SINGLE (Line Drive, 8RS)
Batting: LHB Cal MacKim 0-0: Called Strike
Scott Miles is caught stealing 2nd base
0-1: Ground out 5-3 (Groundball, 56)
Bottom of the 6th over - 0 runs, 1 hit, 0 errors, 0 left on base; Belleville 8 - Highwood 5
TOP OF THE 7TH
Belleville Bulls batting - Pitching for Highwood Hawks : RHP Nikita van de Haar
Batting: RHB Holden Ford 0-0: Ball
1-0: Ball
2-0: Foul Ball, location: 2F
2-1: Ball
3-1: Swinging Strike
3-2: Strikes out swinging
Batting: RHB Rey McSriff 0-0: Ball
1-0: Swinging Strike
1-1: Foul Ball, location: 2F
1-2: Ball
2-2: Foul Ball, location: 2F
2-2: Ground out 6-3 (Groundball, 6D)
Batting: RHB Gary Goodwin 0-0: Called Strike
0-1: Ball
1-1: Foul Ball, location: 2F
1-2: Fly out, F7 (Line Drive, 7S)
Top of the 7th over - 0 runs, 0 hits, 0 errors, 0 left on base; Belleville 8 - Highwood 5
BOTTOM OF THE 7TH
Highwood Hawks batting - Pitching for Belleville Bulls : RHP Cale Ryan
Batting: RHB Jurg Dansen 0-0: Ball
1-0: Fly out, F9 (Flyball, 9)
Batting: RHB Jamal Grant 0-0: Ball
1-0: Foul Ball, location: 2F
1-1: Ball
2-1: Ground out 3-1 (Groundball, 34S)
Batting: LHB Yi-da Yee 0-0: Ball
1-0: Ball
2-0: Called Strike
2-1: Foul Ball, location: 2F
2-2: SOLO HOME RUN (Line Drive, 9D), Distance : 396 ft
Batting: SHB Arvo Helminen 0-0: Foul Ball, location: 2F
0-1: Ball
1-1: SINGLE (Flyball, 7S)
Pitching: RHP Lucho Pousa
Batting: RHB Ron Lawrence 0-0: Ball
1-0: Ball
Wild Pitch!
Arvo Helminen to second
2-0: Foul Ball, location: 2F
2-1: Foul Ball, location: 2F
2-2: Foul Ball, location: 2F
2-2: Foul Ball, location: 2F
2-2: Strikes out swinging
Bottom of the 7th over - 1 run, 2 hits, 0 errors, 1 left on base; Belleville 8 - Highwood 6
TOP OF THE 8TH
Belleville Bulls batting - Pitching for Highwood Hawks : RHP Nikita van de Haar
Batting: RHB Cary Collins 0-0: Ball
1-0: Ball
2-0: Ball
3-0: Base on Balls
Batting: RHB Kazunari Mizuno 0-0: Called Strike
0-1: Sac Bunt - play at first, batter OUT! 2-3
Cary Collins to second
Batting: LHB Juan Rodríguez 0-0: Intentional Walk
Batting: RHB Aron Cruickshank 0-0: Called Strike
0-1: Ball
1-1: Foul Ball, location: 2F
1-2: Ball
2-2: Foul Ball, location: 2F
2-2: Fly out, F8 (Flyball, 8RD)
Runner from 2nd tags up, SAFE at 3rd with throw
Batting: SHB Júlio Moreno 0-0: Ball
1-0: Ball
2-0: Called Strike
2-1: Foul Ball, location: 2F
2-2: Ball
3-2: Base on Balls
Juan Rodríguez to second
Batting: RHB Glenn Curtis 0-0: Ball
1-0: Foul Ball, location: 2F
1-1: Foul Ball, location: 2F
1-2: Ball
2-2: Strikes out swinging
Top of the 8th over - 0 runs, 0 hits, 0 errors, 3 left on base; Belleville 8 - Highwood 6
BOTTOM OF THE 8TH
Highwood Hawks batting - Pitching for Belleville Bulls : RHP Lucho Pousa
Batting: RHB Jon Deal 0-0: Ball
1-0: Called Strike
1-1: Ball
2-1: Ball
3-1: Called Strike
3-2: Foul Ball, location: 2F
3-2: Foul Ball, location: 2F
3-2: Fly out, F8 (Line Drive, 8RM)
Batting: RHB Jimmy Scott 0-0: Ball
1-0: Called Strike
1-1: DOUBLE (Line Drive, 7D)
Batting: LHB Scott Miles 0-0: Ball
1-0: Called Strike
1-1: Ground out 1-3 (Groundball, P)
Jimmy Scott to third
Batting: LHB Cal MacKim 0-0: Called Strike
0-1: Swinging Strike
0-2: Ball
1-2: Foul Ball, location: 2F
1-2: Ball
2-2: Foul Ball, location: 2F
2-2: Ground out 6-3 (Groundball, 6)
Bottom of the 8th over - 0 runs, 1 hit, 0 errors, 1 left on base; Belleville 8 - Highwood 6
TOP OF THE 9TH
Belleville Bulls batting - Pitching for Highwood Hawks : RHP Nikita van de Haar
Pitching: LHP Stan Lowe
Batting: RHB Holden Ford 0-0: Called Strike
0-1: Ball
1-1: Called Strike
1-2: Strikes out looking
Batting: RHB Rey McSriff 0-0: Swinging Strike
0-1: Swinging Strike
0-2: Strikes out swinging
Batting: RHB Gary Goodwin 0-0: Swinging Strike
0-1: Ball
1-1: Foul Ball, location: 2F
1-2: Ball
2-2: Ground out 6-3 (Groundball, 6)
Top of the 9th over - 0 runs, 0 hits, 0 errors, 0 left on base; Belleville 8 - Highwood 6
BOTTOM OF THE 9TH
Highwood Hawks batting - Pitching for Belleville Bulls : RHP Lucho Pousa
Batting: RHB Jurg Dansen 0-0: Ball
1-0: Foul Ball, location: 2F
1-1: Swinging Strike
1-2: Strikes out looking
Pitching: LHP Jeff McBride
Batting: RHB Jamal Grant 0-0: SINGLE (Groundball, 34D)
Pinch Hitting: RHB Victor Drenth 0-0: Called Strike
0-1: Called Strike
0-2: Ball
1-2: Strikes out swinging
Batting: SHB Arvo Helminen 0-0: Ball
1-0: Foul Ball, location: 2F
1-1: Called Strike
1-2: Fly out, F7 (Flyball, 7D)
Bottom of the 9th over - 0 runs, 1 hit, 0 errors, 1 left on base; Belleville 8 - Highwood 6
Friday, March 29th, 2019 - OOTP Baseball 18.8 Build 76